 Dungeon Crawl Stone Soup version 0.31-a0-175-g9f7f995f2b (webtiles) character file.

Game seed: 16469108568422089249

30684 qw the Cleaver (level 13, -1/84 HPs)
             Began as a Gargoyle Fighter on June 17, 2023.
             Was an Elder of Okawaru.
             Killed by divine providence
             ... invoked by a meliai
              (12 damage)
             ... on level 4 of the Lair of Beasts.
             The game lasted 00:08:27 (14750 turns).

qw the Cleaver (Gargoyle Fighter)                  Turns: 14750, Time: 00:08:28

Health: -1/84      AC: 29    Str: 24    XL:     13   Next: 53%
Magic:  20/20      EV: 12    Int: 10    God:    Okawaru [****..]
Gold:   834        SH:  6    Dex:  9    Spells: 12/12 levels left

rFire   + . .        x - +2 broad axe
rCold   . . .        c - +0 buckler
rNeg    + . .        m - +2 scale mail {rF+}
rPois   inf          a - +0 helmet
rElec   +            (no cloak)
rCorr   .            (no gloves)
SInv    .            v - +0 pair of boots
Will    .....        u - amulet of faith
Stlth   ++           o - +4 ring of protection
HPRegen 0.34/turn    (no ring)
MPRegen 0.17/turn

%: faith
@: about to teleport, heroic
A: sickness immunity, AC +9, negative energy resistance 1, electricity
resistance, torment resistance 1, petrification resistance, iridescent scales 1,
camouflage 1
a: Renounce Religion, Heroism, Finesse


You were on level 4 of the Lair of Beasts.
You worshipped Okawaru.
Okawaru was greatly pleased with you.
You visited 3 branches of the dungeon, and saw 15 of its levels.
You also visited: Ossuary.

You collected 862 gold pieces.
You spent 28 gold pieces at shops.


Innate Abilities, Weirdness & Mutations

You are immune to sickness and miasma.
Your stone body is resilient. (AC +9)
You are immune to poison.
You resist negative energy. (rN+)
You are resistant to electric shocks. (rElec)
You are resistant to unholy torment.
You are immune to petrification.
You are partially covered in iridescent scales. (AC +2)
Your skin changes colour to match your surroundings (Stealth+).


   Skills:
 - Level 11.0(16.0) Fighting
 + Level 14.4(19.4) Axes
 - Level 5.3(10.3) Throwing
 - Level 6.1(11.1) Armour
 - Level 3.1(8.1) Dodging
 - Level 7.0(12.0) Shields
 - Level 10.0 Invocations


You had 12 spell levels left.
You didn't know any spells.
Your spell library was empty.

Inventory:

Hand Weapons
 x - a +2 broad axe (weapon)
 A - a +0 flail
Missiles
 y - a javelin
Armour
 a - a +0 helmet (worn)
 b - the +1 scale mail of Sophism {rC+ rN+ Dex-2}
   (You found it on level 5 of the Dungeon)

   Dex:       It affects your dexterity (-2).
   rC:        It protects you from cold.
   rN:        It protects you from negative energy.
 c - a +0 buckler (worn)
 m - a +2 scale mail of fire resistance (worn)
 r - +0 acid dragon scales
 t - a +0 chain mail
 v - a +0 pair of boots (worn)
 w - the +2 ring mail of Omission {rF- rC++ Dex+3}
   (You found it on level 9 of the Dungeon)

   Dex:       It affects your dexterity (+3).
   rF:        It makes you vulnerable to fire.
   rC:        It greatly protects you from cold.
Jewellery
 o - a +4 ring of protection (left hand)
 u - an amulet of faith (around neck)
Wands
 q - a wand of digging (9)
Scrolls
 e - 4 scrolls of teleportation
 g - 8 scrolls of identify
Potions
 d - 3 potions of might
 f - 6 potions of haste
 h - a potion of attraction
 i - a potion of heal wounds
 j - 3 potions of enlightenment
 k - a potion of mutation
 l - 4 potions of curing
 n - a potion of magic
 p - a potion of cancellation
 s - 3 potions of lignification

Dungeon Overview and Level Annotations

Branches:
Dungeon (10/15)            Temple (1/1) D:5            Lair (4/5) D:10
  Swamp (0/4) Lair:3       Spider (0/4) Lair:2        Slime (0/5) Lair:4
Ossuary (visited)
    Orc: D:9-12

Altars:
Ashenzari
Cheibriados
Dithmenos
Elyvilon
Fedhas
Gozag
Hepliaklqana
Kikubaaqudgha
Makhleb
Nemelex Xobeh
Okawaru
Qazlal
Ru
Sif Muna
Trog
Uskayaw
Vehumet
Wu Jian
Xom
Yredelemnul
Zin
The Shining One

Shops:
D:2 *   D:8 ((

Annotations:
D:4 1 runed translucent door
D:5 1 runed translucent door, qw's ghost, novice NaHu
Lair:4 1 runed translucent door, qw's ghost, journeyman GrHu


Message History

The blink frog hits you but does no damage.
The killer bee closely misses you.
The killer bee stings you but does no damage.
The death yak barely misses you. The meliai hits you with a +0 hand axe.
The meliai barely misses you.
You miss the killer bee.
The killer bee is severely wounded.
You slash the death yak! You barely miss the killer bee.
You hit the black mamba. You slash the meliai! You miss the blink frog.
The black mamba bites you but does no damage.
The meliai hits you but does no damage.
The meliai stings you but does no damage.
You block the killer bee's attack. The killer bee closely misses you.
The blink frog hits you but does no damage.
The black mamba barely misses you.
You miss the killer bee.
The killer bee is severely wounded.
You barely miss the meliai.
You hit the blink frog but do no damage.
You hit the death yak. You slash the killer bee!
You closely miss the black mamba. The killer bee stings you!
A meliai comes into view. It is wielding a +0 war axe.
The killer bee stings you.
The meliai invokes the aid of its god against you.
Something smites you! You block the black mamba's attack.
The blink frog barely misses you.
The death yak gores you but does no damage.
14750 ||| READING 5 scrolls of teleportation.
As you read the scroll of teleportation, it crumbles to dust.
You feel strangely unstable.
A killer bee comes into view.
You block the killer bee's attack. The killer bee barely misses you.
The meliai hits you with a +0 hand axe!
The meliai stings you but does no damage.
The black mamba bites you but does no damage.
You block the blink frog's attack. The killer bee closely misses you.
The meliai mumbles some strange prayers to its god against you.
Something smites you!
You die...

####.##....#.## .####.##
.##...## #....##
.y.###..### .#.....#
#.....# ....###...#
.#.....# #.....# .....#
#####
.#.)...###.....###.....#
.#%....#.#.....#.#....#
.%)#.#.....#.##.Y.y#
.)%###.....###..FYy#
...# #.....# #..@yy#
...# #.....# #.yyS.#
...# ##....# #..Y..#
##.. ##.#...%.#.#...
#... ###.....###....
#.... #..#.. ..[..# ###
#..... #((... .....#
###.# ##....# #....
...####...# #.##.
##...##


You could see 2 death yaks, a black mamba, a yak, a blink frog, 3 meliai and 4
killer bees.

Vanquished Creatures
  Gastronok (Lair:3)
  A catoblepas (Lair:3)
  2 two-headed ogres (D:9)
  A deep elf knight (D:9)
  Pikel (D:5)
  2 manticores (Lair:4)
  3 black mambas
  13 cane toads
  A gargoyle (D:8)
  Maggie (D:6)
  2 rime drakes (Lair:4)
  6 komodo dragons
  3 meliai (Lair:4)
  A hornet (D:10)
  A polar bear (Lair:4)
  9 blink frogs
  Sigmund (D:3)
  A culicivora (Lair:2)
  3 wyverns
  2 jumping spiders (Lair:2)
  2 basilisks
  34 yaks
  4 redbacks (Lair:2)
  Eustachio (D:5)
  4 steam dragons
  4 vampire mosquitoes (Lair:3)
  Menkaure (D:6)
  10 water moccasins
  2 sky beasts (D:7)
  3 black bears
  2 ice beasts
  2 orc warriors
  4 centaurs
  An ogre (D:5)
  8 wolves (Lair:4)
  2 lemures (D:5)
  A phantom (D:5)
  4 elf zombies (Ossuary)
  A kobold brigand (D:8)
  14 bullfrogs
  Blork the orc (D:6)
  2 gnoll sergeants
  2 scorpions
  13 wights
  34 killer bees
  An electric eel (Lair:2)
  3 howler monkeys
  A lava snake (D:9)
  A centaur zombie (Ossuary)
  2 human zombies (Ossuary)
  4 hounds
  8 orc priests
  2 jellies
  A gnoll bouda (D:8)
  3 iguanas
  A sleepcap (D:7)
  Terence (D:3)
  An orc wizard (D:10)
  Natasha (thrice) (D:2)
  A hell rat (Lair:4)
  3 mummies
  Robin (D:3)
  15 gnolls
  3 adders
  A shadow imp (D:8)
  A white imp (D:7)
  2 worms
  8 dart slugs
  14 orcs
  9 ball pythons
  3 bats
  12 endoplasms
  4 giant cockroaches
  22 goblins
  9 hobgoblins
  17 jackals
  10 kobolds
  A quokka (D:1)
  3 training dummies (D:8)
  8 frilled lizards
  2 goblin skeletons
  4 goblin zombies
  15 hobgoblin zombies
  3 jackal zombies (Ossuary)
  2 kobold skeletons
  8 kobold zombies
  2 orc skeletons (D:8)
  6 orc zombies (Ossuary)
  12 rats
444 creatures vanquished.

Vanquished Creatures (others)
  A yak (Lair:3)
1 creature vanquished.

Grand Total: 445 creatures vanquished

Notes
Turn   | Place    | Note
-------+----------+-------------------------------------------
     0 | D:1      | qw the Gargoyle Fighter began the quest for the Orb.
     0 | D:1      | Reached XP level 1. HP: 14/14 MP: 1/1
     0 | D:1      | 0 ||| qw: Version: 0.3-a-2-g5ab2908
     0 | D:1      | 0 ||| qw: Game counter: 178
     0 | D:1      | 0 ||| qw: Always use a shield: true
     0 | D:1      | 0 ||| qw: God list: Okawaru
     0 | D:1      | 0 ||| qw: Allow faded altars: false
     0 | D:1      | 0 ||| qw: Do Orc after D:15 true
     0 | D:1      | 0 ||| qw: Do second Lair branch before Depths: true
     0 | D:1      | 0 ||| qw: Lair rune preference: random
     0 | D:1      | 0 ||| qw: Plans: Normal, Zot:1-4, Slime:5, God:TSO, Crypt,
                  | Tomb, Abyss, Pan, Hells, Win
     0 | D:1      | 0 ||| PLANNING D:1-11
    24 | D:1      | Reached skill level 2 in Axes
    39 | D:1      | 39 ||| Stepping ~*~*~tactically~*~*~ (stealth).
    50 | D:1      | 50 ||| Stepping ~*~*~tactically~*~*~ (stealth).
    51 | D:1      | 51 ||| Stepping ~*~*~tactically~*~*~ (stealth).
    52 | D:1      | 52 ||| Stepping ~*~*~tactically~*~*~ (stealth).
    53 | D:1      | 53 ||| Stepping ~*~*~tactically~*~*~ (stealth).
    56 | D:1      | 56 ||| Stepping ~*~*~tactically~*~*~ (hiding).
    58 | D:1      | 58 ||| Stepping ~*~*~tactically~*~*~ (hiding).
    59 | D:1      | 59 ||| Stepping ~*~*~tactically~*~*~ (hiding).
    73 | D:1      | Reached XP level 2. HP: 19/19 MP: 2/2
   172 | D:1      | 172 ||| Stepping ~*~*~tactically~*~*~ (stealth).
   173 | D:1      | 173 ||| Stepping ~*~*~tactically~*~*~ (stealth).
   179 | D:1      | 179 ||| Stepping ~*~*~tactically~*~*~ (hiding).
   242 | D:1      | 242 ||| Stepping ~*~*~tactically~*~*~ (hiding).
   243 | D:1      | 243 ||| Stepping ~*~*~tactically~*~*~ (hiding).
   245 | D:1      | 245 ||| Stepping ~*~*~tactically~*~*~ (stealth).
   290 | D:1      | Reached skill level 3 in Axes
   299 | D:1      | 299 ||| Stepping ~*~*~tactically~*~*~ (stealth).
   304 | D:1      | Reached XP level 3. HP: 20/23 MP: 3/3
   740 | D:1      | 740 ||| UPGRADING to amulet of guardian spirit.
   745 | D:1      | 745 ||| UPGRADING to +4 ring of protection.
   746 | D:1      | 746 ||| READING 4 scrolls labelled TICWEORUIPS.
   747 | D:1      | 747 ||| READING 3 scrolls of enchant weapon.
   747 | D:1      | 747 ||| ENCHANTING +1 war axe.
   748 | D:1      | 748 ||| READING 2 scrolls of enchant weapon.
   748 | D:1      | 748 ||| ENCHANTING +2 war axe.
   749 | D:1      | 749 ||| READING scroll of enchant weapon.
   749 | D:1      | 749 ||| ENCHANTING +3 war axe.
   750 | D:1      | 750 ||| READING 3 scrolls labelled ONIKAS OLICAEDALY.
   751 | D:1      | 751 ||| READING scroll labelled CYHOLOLLEU.
   752 | D:1      | 752 ||| DRINKING 2 amethyst potions.
   753 | D:1      | 753 ||| DRINKING 2 bubbling orange potions.
   753 | D:1      | Gained mutation: Your skin changes colour to match your
                  | surroundings (Stealth+). [potion of mutation]
   753 | D:1      | Gained mutation: You are partially covered in iridescent
                  | scales. (AC +2) [potion of mutation]
   754 | D:1      | 754 ||| READING 2 scrolls of identify.
   754 | D:1      | 754 ||| IDENTIFYING clear potion
   755 | D:1      | 755 ||| DROPPING potion of invisibility.
   801 | D:2      | Found Acraicie's General Store.
   809 | D:2      | 809 ||| SHOPLISTING potion of enlightenment (70 gold, have
                  | 66).
   809 | D:2      | 809 ||| SHOPLISTING ring of positive energy (280 gold, have
                  | 66).
   809 | D:2      | 809 ||| SHOPLISTING ring of willpower (350 gold, have 66).
   809 | D:2      | 809 ||| BUYING scroll of identify (28 gold).
   809 | D:2      | Bought a scroll of identify for 28 gold pieces
   832 | D:2      | 832 ||| Stepping ~*~*~tactically~*~*~ (stealth).
   871 | D:2      | 871 ||| Stepping ~*~*~tactically~*~*~ (hiding).
   873 | D:2      | 873 ||| Stepping ~*~*~tactically~*~*~ (hiding).
  1041 | D:2      | Noticed Natasha
  1042 | D:2      | 1042 ||| Stepping ~*~*~tactically~*~*~ (hiding).
  1049 | D:2      | Killed Natasha
  1050 | D:2      | Reached skill level 4 in Axes
  1050 | D:2      | Reached XP level 4. HP: 19/28 MP: 2/4
  1226 | D:2      | 1226 ||| Stepping ~*~*~tactically~*~*~ (stealth).
  1227 | D:2      | 1227 ||| Stepping ~*~*~tactically~*~*~ (stealth).
  1228 | D:2      | 1228 ||| Stepping ~*~*~tactically~*~*~ (stealth).
  1428 | D:2      | Noticed Natasha
  1429 | D:2      | 1429 ||| Stepping ~*~*~tactically~*~*~ (hiding).
  1438 | D:2      | Killed Natasha
  1439 | D:2      | Reached XP level 5. HP: 26/32 MP: 3/5
  1622 | D:2      | 1622 ||| READING scroll labelled ULASIXZA BUOXT.
  1623 | D:2      | 1623 ||| READING 3 scrolls of identify.
  1623 | D:2      | 1623 ||| IDENTIFYING fuming golden potion
  1624 | D:2      | 1624 ||| READING 2 scrolls of identify.
  1624 | D:2      | 1624 ||| IDENTIFYING orange potion
  1642 | D:2      | Noticed Natasha
  1644 | D:2      | 1644 ||| Stepping ~*~*~tactically~*~*~ (hiding).
  1645 | D:2      | 1645 ||| Stepping ~*~*~tactically~*~*~ (hiding).
  1650 | D:2      | Killed Natasha
  1651 | D:2      | Reached skill level 5 in Axes
  1843 | D:3      | Found a radiant altar of Vehumet.
  1873 | D:3      | 1873 ||| Stepping ~*~*~tactically~*~*~ (stealth).
  1874 | D:3      | 1874 ||| Stepping ~*~*~tactically~*~*~ (stealth).
  1902 | D:3      | Noticed Robin
  1903 | D:3      | Noticed Sigmund
  1911 | D:3      | Killed Robin
  1923 | D:3      | Killed Sigmund
  1924 | D:3      | Reached XP level 6. HP: 38/38 MP: 6/6
  1954 | D:3      | Noticed Terence
  1962 | D:3      | Killed Terence
  1967 | D:3      | 1967 ||| DROPPING +0 whip.
  1983 | D:3      | Found a faded altar of an unknown god.
  2532 | D:3      | 2532 ||| Stepping ~*~*~tactically~*~*~ (stealth).
  2721 | D:3      | 2721 ||| UPGRADING to +0 helmet.
  2726 | D:3      | 2726 ||| UPGRADING to +2 scale mail of fire resistance.
  2736 | D:3      | 2736 ||| DROPPING +0 scale mail.
  2743 | D:3      | 2743 ||| READING 2 scrolls labelled QAM BUNLECY.
  2746 | D:3      | 2746 ||| READING scroll labelled CIJEAL KOUR.
  2771 | D:3      | 2771 ||| READING scroll labelled XUUCYXT FUWENI.
  2772 | D:3      | 2772 ||| READING scroll labelled CETYPR IV WO GIE.
  2813 | D:4      | 2813 ||| PLANNING OSSUARY
  2824 | D:4      | 2824 ||| Stepping ~*~*~tactically~*~*~ (stealth).
  2833 | D:4      | Reached XP level 7. HP: 43/43 MP: 7/7
  2836 | D:4      | 2836 ||| Stepping ~*~*~tactically~*~*~ (stealth).
  2837 | D:4      | 2837 ||| Stepping ~*~*~tactically~*~*~ (stealth).
  2850 | D:4      | 2850 ||| Stepping ~*~*~tactically~*~*~ (stealth).
  2931 | D:4      | Found a runed translucent door.
  2931 | D:4      | Noticed a human
  2932 | D:4      | Found a basalt altar of Yredelemnul.
  2935 | D:4      | 2935 ||| READING scroll labelled GERO RAIFUSKOS.
  3047 | D:4      | Found a sand-covered staircase.
  3060 | Ossuary  | Entered an ossuary
  3164 | Ossuary  | 3164 ||| Stepping ~*~*~tactically~*~*~ (stealth).
  3166 | Ossuary  | 3166 ||| Stepping ~*~*~tactically~*~*~ (stealth).
  3235 | Ossuary  | Reached skill level 6 in Axes
  3260 | Ossuary  | 3260 ||| Stepping ~*~*~tactically~*~*~ (stealth).
  3357 | Ossuary  | Reached skill level 7 in Axes
  3370 | Ossuary  | Reached XP level 8. HP: 48/48 MP: 8/8
  3417 | Ossuary  | 3417 ||| DRINKING 2 brown potions.
  3418 | Ossuary  | 3418 ||| DRINKING 3 ruby potions.
  3419 | Ossuary  | 3419 ||| DROPPING potion of degeneration.
  3432 | D:4      | 3432 ||| PLANNING D:1-11
  3532 | D:4      | 3532 ||| Stepping ~*~*~tactically~*~*~ (stealth).
  3540 | D:4      | Reached skill level 1 in Throwing
  3578 | D:4      | Found a bloodstained altar of Trog.
  3916 | D:4      | 3916 ||| READING scroll labelled ZESE ASIYGUH.
  3917 | D:4      | 3917 ||| READING 2 scrolls of identify.
  3917 | D:4      | 3917 ||| IDENTIFYING cyan potion
  3936 | D:5      | Entered Level 5 of the Dungeon
  3936 | D:5      | Found a staircase to the Ecumenical Temple.
  3937 | D:5      | 3937 ||| PLANNING TEMPLE
  3937 | D:5      | 3937 ||| STAIRDANCE
  3941 | D:5      | 3941 ||| STAIRDANCE
  3968 | Temple   | Entered the Ecumenical Temple
  4079 | Temple   | 4079 ||| PLANNING D:1-11
  4102 | D:5      | Noticed Pikel
  4102 | D:5      | 4102 ||| Stepping ~*~*~tactically~*~*~ (stealth).
  4104 | D:5      | 4104 ||| Stepping ~*~*~tactically~*~*~ (stealth).
  4106 | D:5      | 4106 ||| Stepping ~*~*~tactically~*~*~ (stealth).
  4108 | D:5      | 4108 ||| Stepping ~*~*~tactically~*~*~ (stealth).
  4131 | D:5      | Killed Pikel
  4132 | D:5      | Reached skill level 8 in Axes
  4207 | D:5      | Identified the +1 scale mail of Sophism {rC+ rN+ Dex-2}
  4267 | D:5      | Found a runed translucent door.
  4269 | D:5      | Noticed qw's ghost (novice NaHu)
  4274 | D:5      | Found an ancient bone altar of Kikubaaqudgha.
  4285 | D:5      | Reached skill level 6 in Fighting
  4359 | D:5      | Noticed Eustachio
  4375 | D:5      | Killed Eustachio
  4376 | D:5      | Reached XP level 9. HP: 52/55 MP: 9/9
  4409 | D:5      | Reached skill level 9 in Axes
  4435 | D:5      | 4435 ||| DROPPING +0 mace.
  4549 | D:5      | 4549 ||| Stepping ~*~*~tactically~*~*~ (stealth).
  4575 | D:5      | 4575 ||| Stepping ~*~*~tactically~*~*~ (hiding).
  4758 | D:5      | 4758 ||| READING scroll labelled SABBONA WERCH.
  4859 | D:5      | 4859 ||| READING scroll labelled TUMIYNY QIRHE.
  4879 | D:6      | Noticed Blork the orc
  4880 | D:6      | 4880 ||| Stepping ~*~*~tactically~*~*~ (hiding).
  4882 | D:6      | 4882 ||| Stepping ~*~*~tactically~*~*~ (hiding).
  4883 | D:6      | 4883 ||| Stepping ~*~*~tactically~*~*~ (hiding).
  4894 | D:6      | Killed Blork the orc
  4948 | D:6      | 4948 ||| Stepping ~*~*~tactically~*~*~ (hiding).
  4949 | D:6      | 4949 ||| Stepping ~*~*~tactically~*~*~ (hiding).
  4951 | D:6      | 4951 ||| Stepping ~*~*~tactically~*~*~ (hiding).
  4953 | D:6      | 4953 ||| Stepping ~*~*~tactically~*~*~ (hiding).
  4970 | D:6      | 4970 ||| Stepping ~*~*~tactically~*~*~ (stealth).
  4980 | D:6      | Noticed Menkaure
  4990 | D:6      | Killed Menkaure
  5477 | D:6      | Noticed Maggie
  5479 | D:6      | 5479 ||| Stepping ~*~*~tactically~*~*~ (hiding).
  5495 | D:6      | Killed Maggie
  5496 | D:6      | Reached skill level 10 in Axes
  5565 | D:6      | 5565 ||| DROPPING +0 flail.
  5870 | D:6      | 5870 ||| READING 3 scrolls of identify.
  5870 | D:6      | 5870 ||| IDENTIFYING murky cyan potion
  5909 | D:7      | 5909 ||| Stepping ~*~*~tactically~*~*~ (hiding).
  5910 | D:7      | 5910 ||| Stepping ~*~*~tactically~*~*~ (hiding).
  5911 | D:7      | 5911 ||| Stepping ~*~*~tactically~*~*~ (hiding).
  6055 | D:7      | 6055 ||| Stepping ~*~*~tactically~*~*~ (stealth).
  6090 | D:7      | 6090 ||| Stepping ~*~*~tactically~*~*~ (hiding).
  6115 | D:7      | Found a shimmering altar of Xom.
  6152 | D:7      | 6152 ||| READING scroll of brand weapon.
  6152 | D:7      | 6152 ||| BRANDING +4 war axe of protection.
  6153 | D:7      | 6153 ||| DROPPING +0 morningstar.
  6196 | D:7      | Reached XP level 10. HP: 62/64 MP: 8/10
  6251 | D:7      | 6251 ||| Stepping ~*~*~tactically~*~*~ (hiding).
  6873 | D:7      | 6873 ||| READING 2 scrolls of identify.
  6873 | D:7      | 6873 ||| IDENTIFYING dark potion
  6909 | D:8      | 6909 ||| Stepping ~*~*~tactically~*~*~ (stealth).
  6911 | D:8      | 6911 ||| Stepping ~*~*~tactically~*~*~ (stealth).
  6913 | D:8      | 6913 ||| Stepping ~*~*~tactically~*~*~ (stealth).
  6923 | D:8      | Reached skill level 11 in Axes
  6955 | D:8      | 6955 ||| Stepping ~*~*~tactically~*~*~ (stealth).
  6957 | D:8      | 6957 ||| Stepping ~*~*~tactically~*~*~ (stealth).
  7016 | D:8      | 7016 ||| FLEEEEING.
  7017 | D:8      | 7017 ||| FLEEEEING.
  7018 | D:8      | 7018 ||| STAIRDANCE
  7047 | D:8      | Reached skill level 9 in Fighting
  7115 | D:8      | Found Sipidwut's Firing Range.
  7213 | D:8      | Found Pikeesai's Antique Weapon Boutique.
  7219 | D:8      | 7219 ||| Stepping ~*~*~tactically~*~*~ (hiding).
  7220 | D:8      | 7220 ||| Stepping ~*~*~tactically~*~*~ (hiding).
  7224 | D:8      | Noticed a gargoyle
  7233 | D:8      | Killed a gargoyle
  7234 | D:8      | Reached skill level 3 in Throwing
  7427 | D:8      | Found an iron altar of Okawaru.
  7428 | D:8      | 7428 ||| PLANNING OKAWARU WORSHIP
  7476 | D:8      | 7476 ||| Stepping ~*~*~tactically~*~*~ (stealth).
  7478 | D:8      | 7478 ||| Stepping ~*~*~tactically~*~*~ (stealth).
  7505 | D:8      | Reached XP level 11. HP: 57/71 MP: 9/11
  7510 | D:8      | Reached skill level 12 in Axes
  7512 | D:8      | 7512 ||| FLEEEEING.
  7585 | D:8      | 7585 ||| Stepping ~*~*~tactically~*~*~ (stealth).
  7596 | D:8      | Found a glowing golden altar of the Shining One.
  7597 | D:8      | 7597 ||| Stepping ~*~*~tactically~*~*~ (stealth).
  7599 | D:8      | 7599 ||| Stepping ~*~*~tactically~*~*~ (stealth).
  7607 | D:8      | 7607 ||| UPGRADING to amulet of faith.
  7617 | D:8      | 7617 ||| DROPPING amulet of guardian spirit.
  7633 | D:8      | Became a worshipper of Warmaster Okawaru
  7634 | D:8      | 7634 ||| PLANNING D:1-11
  7654 | D:8      | 7654 ||| Stepping ~*~*~tactically~*~*~ (stealth).
  7922 | D:9      | Noticed a two-headed ogre
  7931 | D:9      | Killed a two-headed ogre
  7932 | D:9      | Reached skill level 6 in Shields
  7939 | D:9      | 7939 ||| FLEEEEING.
  7940 | D:9      | 7940 ||| FLEEEEING.
  7941 | D:9      | 7941 ||| STAIRDANCE
  7987 | D:9      | Noticed a deep elf knight
  7988 | D:9      | 7988 ||| Stepping ~*~*~tactically~*~*~ (hiding).
  8001 | D:9      | Killed a deep elf knight
  8001 | D:9      | Reached * piety under Okawaru
  8151 | D:9      | 8151 ||| READING 2 scrolls of identify.
  8151 | D:9      | 8151 ||| IDENTIFYING bubbling silvery potion
  8189 | D:9      | Reached skill level 1 in Invocations
  8261 | D:9      | 8261 ||| Stepping ~*~*~tactically~*~*~ (hiding).
  8295 | D:9      | 8295 ||| FLEEEEING.
  8296 | D:9      | 8296 ||| FLEEEEING.
  8297 | D:9      | 8297 ||| FLEEEEING.
  8298 | D:9      | 8298 ||| FLEEEEING.
  8299 | D:9      | 8299 ||| FLEEEEING.
  8300 | D:9      | 8300 ||| FLEEEEING.
  8301 | D:9      | 8301 ||| FLEEEEING.
  8302 | D:9      | 8302 ||| FLEEEEING.
  8303 | D:9      | 8303 ||| FLEEEEING.
  8304 | D:9      | 8304 ||| FLEEEEING.
  8311 | D:9      | 8311 ||| INVOKING Heroism.
  8317 | D:9      | 8317 ||| Stepping ~*~*~tactically~*~*~ (hiding).
  8486 | D:9      | Noticed a two-headed ogre
  8487 | D:9      | 8487 ||| INVOKING Heroism.
  8496 | D:9      | Killed a two-headed ogre
  8630 | D:9      | Identified the +2 ring mail of Omission {rF- rC++ Dex+3}
  8648 | D:9      | Identified the +0 scale mail "Xioqunuph" {rF+ Dex+2}
  8691 | D:9      | Reached skill level 3 in Invocations
  8692 | D:9      | 8692 ||| Stepping ~*~*~tactically~*~*~ (stealth).
  8778 | D:9      | Reached ** piety under Okawaru
  8902 | D:9      | 8902 ||| Stepping ~*~*~tactically~*~*~ (hiding).
  9171 | D:9      | 9171 ||| UPGRADING to +0 pair of boots.
  9176 | D:9      | 9176 ||| DROPPING +0 scale mail "Xioqunuph" {rF+ Dex+2}.
  9177 | D:9      | 9177 ||| READING scroll labelled WAIVOC HUZE.
  9178 | D:9      | 9178 ||| READING scroll labelled UWANEMN WYOBB.
  9231 | D:10     | Entered Level 10 of the Dungeon
  9305 | D:10     | 9305 ||| Stepping ~*~*~tactically~*~*~ (hiding).
  9314 | D:10     | 9314 ||| INVOKING Heroism.
  9419 | D:10     | 9419 ||| INVOKING Heroism.
  9422 | D:10     | Reached *** piety under Okawaru
  9636 | D:10     | Found a staircase to the Lair.
  9721 | D:10     | Found a shadowy altar of Dithmenos.
  9723 | D:10     | 9723 ||| Stepping ~*~*~tactically~*~*~ (hiding).
  9790 | D:10     | 9790 ||| PLANNING LAIR
  9790 | D:10     | 9790 ||| DROPPING amulet of magic regeneration.
  9826 | Lair:1   | Entered Level 1 of the Lair of Beasts
  9862 | Lair:1   | 9862 ||| INVOKING Heroism.
  9978 | Lair:1   | 9978 ||| INVOKING Heroism.
 10034 | Lair:1   | 10034 ||| READING scroll of brand weapon.
 10034 | Lair:1   | 10034 ||| BRANDING +4 war axe of flaming.
 10157 | Lair:1   | 10157 ||| INVOKING Heroism.
 10164 | Lair:1   | Reached skill level 13 in Axes
 10237 | Lair:1   | 10237 ||| INVOKING Heroism.
 10245 | Lair:1   | Reached XP level 12. HP: 77/77 MP: 13/15
 10253 | Lair:1   | 10253 ||| Stepping ~*~*~tactically~*~*~ (stealth).
 10322 | Lair:1   | Reached skill level 6 in Armour
 10429 | Lair:1   | Reached **** piety under Okawaru
 10614 | Lair:1   | 10614 ||| READING scroll labelled MAURUI SYUHAL.
 10639 | Lair:2   | 10639 ||| PLANNING GAUNTLET
 10870 | Lair:2   | 10870 ||| Stepping ~*~*~tactically~*~*~ (stealth).
 10872 | Lair:2   | 10872 ||| Stepping ~*~*~tactically~*~*~ (hiding).
 10892 | Lair:2   | 10892 ||| Stepping ~*~*~tactically~*~*~ (stealth).
 10918 | Lair:2   | 10918 ||| Stepping ~*~*~tactically~*~*~ (hiding).
 11064 | Lair:2   | 11064 ||| SWAPPING to +0 broad axe.
 11065 | Lair:2   | 11065 ||| DROPPING +4 heavy war axe.
 11116 | Lair:2   | 11116 ||| INVOKING Heroism.
 11126 | Lair:2   | Received a gift from Okawaru
 11186 | Lair:2   | 11186 ||| RIP GAUNTLET
 11285 | Lair:2   | 11285 ||| PLANNING LAIR
 11328 | Lair:2   | 11328 ||| READING scroll of enchant weapon.
 11328 | Lair:2   | 11328 ||| ENCHANTING +0 broad axe.
 11389 | Lair:2   | Received a gift from Okawaru
 11543 | Lair:2   | Found a hole to the Spider Nest.
 11569 | Lair:2   | Reached skill level 6 in Invocations
 11643 | Lair:2   | 11643 ||| INVOKING Heroism.
 11672 | Lair:2   | 11672 ||| INVOKING Heroism.
 11742 | Lair:2   | 11742 ||| DROPPING +0 whip.
 12089 | Lair:3   | 12089 ||| INVOKING Heroism.
 12152 | Lair:3   | 12152 ||| Stepping ~*~*~tactically~*~*~ (stealth).
 12157 | Lair:3   | 12157 ||| Stepping ~*~*~tactically~*~*~ (stealth).
 12172 | Lair:3   | Reached ***** piety under Okawaru
 12313 | Lair:3   | 12313 ||| INVOKING Heroism.
 12359 | Lair:3   | 12359 ||| Stepping ~*~*~tactically~*~*~ (stealth).
 12362 | Lair:3   | Noticed a catoblepas
 12362 | Lair:3   | 12362 ||| Stepping ~*~*~tactically~*~*~ (stealth).
 12364 | Lair:3   | 12364 ||| Stepping ~*~*~tactically~*~*~ (hiding).
 12371 | Lair:3   | 12371 ||| INVOKING Heroism.
 12377 | Lair:3   | Received a gift from Okawaru
 12386 | Lair:3   | Killed a catoblepas
 12387 | Lair:3   | Reached skill level 14 in Axes
 12587 | Lair:3   | Found a staircase to the Swamp.
 12613 | Lair:3   | Noticed Gastronok
 12614 | Lair:3   | 12614 ||| Stepping ~*~*~tactically~*~*~ (hiding).
 12620 | Lair:3   | 12620 ||| INVOKING Heroism.
 12632 | Lair:3   | Killed Gastronok
 12962 | Lair:4   | 12962 ||| READING scroll of enchant weapon.
 12962 | Lair:4   | 12962 ||| ENCHANTING +1 broad axe.
 12986 | Lair:4   | 12986 ||| INVOKING Heroism.
 12995 | Lair:4   | Reached XP level 13. HP: 82/82 MP: 17/19
 13020 | Lair:4   | 13020 ||| Stepping ~*~*~tactically~*~*~ (stealth).
 13070 | Lair:4   | 13070 ||| FLEEEEING.
 13112 | Lair:4   | Reached skill level 9 in Invocations
 13211 | Lair:4   | Received a gift from Okawaru
 13213 | Lair:4   | 13213 ||| DROPPING +3 heavy war axe.
 13298 | Lair:4   | 13298 ||| INVOKING Heroism.
 13391 | Lair:4   | Found a staircase to the Slime Pits.
 13603 | Lair:4   | 13603 ||| INVOKING Heroism.
 13616 | Lair:4   | 13616 ||| Stepping ~*~*~tactically~*~*~ (stealth).
 13618 | Lair:4   | 13618 ||| Stepping ~*~*~tactically~*~*~ (stealth).
 13620 | Lair:4   | 13620 ||| Stepping ~*~*~tactically~*~*~ (stealth).
 13623 | Lair:4   | 13623 ||| Stepping ~*~*~tactically~*~*~ (stealth).
 13675 | Lair:4   | Found a runed translucent door.
 13676 | Lair:4   | Noticed qw's ghost (journeyman GrHu)
 13720 | Lair:4   | 13720 ||| INVOKING Heroism.
 13722 | Lair:4   | 13722 ||| Stepping ~*~*~tactically~*~*~ (stealth).
 13747 | Lair:4   | 13747 ||| INVOKING Heroism.
 13978 | Lair:4   | 13978 ||| INVOKING Heroism.
 14059 | Lair:4   | 14059 ||| INVOKING Heroism.
 14077 | Lair:4   | HP: 12/84 [meliai/divine providence (15)]
 14078 | Lair:4   | 14078 ||| READING 6 scrolls of teleportation.
 14079 | Lair:4   | 14079 ||| DRINKING 2 potions of heal wounds.
 14219 | Lair:4   | 14219 ||| Stepping ~*~*~tactically~*~*~ (stealth).
 14263 | Lair:4   | 14263 ||| INVOKING Heroism.
 14274 | Lair:4   | Reached skill level 3 in Dodging
 14494 | Lair:4   | 14494 ||| INVOKING Heroism.
 14513 | Lair:4   | 14513 ||| Stepping ~*~*~tactically~*~*~ (stealth).
 14515 | Lair:4   | 14515 ||| Stepping ~*~*~tactically~*~*~ (stealth).
 14517 | Lair:4   | 14517 ||| Stepping ~*~*~tactically~*~*~ (stealth).
 14518 | Lair:4   | 14518 ||| Stepping ~*~*~tactically~*~*~ (stealth).
 14565 | Lair:4   | 14565 ||| Stepping ~*~*~tactically~*~*~ (stealth).
 14569 | Lair:4   | 14569 ||| Stepping ~*~*~tactically~*~*~ (stealth).
 14571 | Lair:4   | 14571 ||| INVOKING Heroism.
 14683 | Lair:4   | 14683 ||| INVOKING Heroism.
 14684 | Lair:4   | 14684 ||| Stepping ~*~*~tactically~*~*~ (stealth).
 14685 | Lair:4   | 14685 ||| Stepping ~*~*~tactically~*~*~ (stealth).
 14695 | Lair:4   | 14695 ||| Stepping ~*~*~tactically~*~*~ (stealth).
 14698 | Lair:4   | 14698 ||| Stepping ~*~*~tactically~*~*~ (stealth).
 14699 | Lair:4   | 14699 ||| Stepping ~*~*~tactically~*~*~ (stealth).
 14718 | Lair:4   | 14718 ||| Stepping ~*~*~tactically~*~*~ (stealth).
 14719 | Lair:4   | 14719 ||| Stepping ~*~*~tactically~*~*~ (stealth).
 14734 | Lair:4   | 14734 ||| INVOKING Heroism.
 14749 | Lair:4   | HP: 21/84 [meliai/divine providence (13)]
 14750 | Lair:4   | 14750 ||| READING 5 scrolls of teleportation.
 14750 | Lair:4   | Killed from afar by a meliai

Levels and vault maps discovered:
D:1:      giann_horns, layout_loops_ring
D:2:      layout_loops_ring, serial_shops, shop, minmay_crystal_water,
          minmay_tiny_reverse_x, uniq_natasha
D:3:      layout_basic, general_overflow_altar,
          hellmonk_ecumenical_altar_prayer_group,
          chequers_serial_rivers_small_3, uniq_sigmund, uniq_robin, uniq_terence
D:4:      layout_basic, dk_yredelemnul_ordeal, trog_three_pillars_becter,
          gup_ossuary_entry_pyramid
D:5:      layout_rooms, kiku_gazebo_pond_becter, minmay_temple_entry_offerings,
          ebering_ghost_reflecting_pool, uniq_eustachio, uniq_pikel
D:6:      layout_cave_pods, serial_glass, glass_columns_c, glass_columns_a,
          uniq_blork_the_orc, uniq_maggie, uniq_menkaure
D:7:      layout_loops_ring, mainiacjoe_overflow_24_doors,
          hangedman_decor_opposing
D:8:      layout_rooms, nicolae_tso_besieged_by_evil,
          mainiacjoe_overflow_concentric_impassable, serial_shops,
          nicolae_shop_behind_doors, nicolae_shop_firing_range
D:9:      layout_roguey, kennysheep_island_fort
D:10:     layout_basic, grunt_dithmenos_smoke, lair_entry_dummy, minivault_11
Temple:   nicolae_temple_two_arcs
Lair:1:   layout_gridlike
Lair:2:   layout_chaotic_city, nicolae_spider_entry_tight_spaces,
          gauntlet_entry_generic, infiniplex_staircase_pool,
          serial_bayou_shore_a
Lair:3:   layout_misc_corridors, minmay_swamp_entry_swarm, lemuel_fruit_tree,
          uniq_gastronok
Lair:4:   regret_index_combs_of_tragedy, layout_layer_cave, slime_entry_1,
          gammafunk_ghost_grave

Skill      XL: |  1  2  3  4  5  6  7  8  9 10 11 12 13 |
---------------+----------------------------------------+-----
Axes           | 2 3 4 5 7 8 10 11 13 14 | 14.4
Fighting       | 4 6 8 9 10 11 | 11.0
Dodging        | 2 3 |  3.1
Throwing       | 1 3 4 5 |  5.3
Shields        | 4 5 6 7 |  7.0
Armour         | 4 5 6 |  6.1
Invocations    | 4 8 10 | 10.0

Action                     |  1- 3 |  4- 6 |  7- 9 | 10-12 | 13-15 || total
---------------------------+-------+-------+-------+-------+-------++-------
  Melee: War axe           |   106 |   121 |   348 |   400 |       ||   975
         Broad axe         |       |       |       |   165 |   222 ||   387
  Throw: Javelin           |       |       |    18 |    38 |    24 ||    80
         Boomerang         |       |       |    11 |       |       ||    11
 Invoke: Heroism           |       |       |       |    16 |    11 ||    27
    Use: Scroll            |     7 |     7 |     7 |     8 |     2 ||    31
         Potion            |     2 |       |     2 |       |     1 ||     5
 Armour: Scale mail        |    79 |    67 |   197 |   239 |   153 ||   735
  Dodge: Dodged            |    51 |    49 |   125 |   210 |   159 ||   594
  Block: Buckler           |    15 |    14 |    52 |   114 |    83 ||   278

Table legend:
 A = Non-vault XP
 B = Vault XP
 C = Vault XP percentage of total XP
 D = Non-vault monster count
 E = Vault monster count
 F = Vault count percentage of total count
                 A         B        C        D         E       F
            +---------+---------+-------+---------+---------+-------
      Total |   30691 |   13144 |  30.0 |     316 |     127 |  28.7
            +---------+---------+-------+---------+---------+-------
        D:1 |      64 |       0 |   0.0 |      36 |       0 |   0.0
        D:2 |     122 |      41 |  25.2 |      28 |       3 |   9.7
        D:3 |      47 |     315 |  87.0 |      20 |      16 |  44.4
        D:4 |     257 |      20 |   7.2 |      26 |       3 |  10.3
        D:5 |     685 |     805 |  54.0 |      14 |       2 |  12.5
        D:6 |     510 |     658 |  56.3 |      13 |       3 |  18.8
        D:7 |    1298 |       0 |   0.0 |      17 |       0 |   0.0
        D:8 |    4391 |      29 |   0.7 |      41 |      15 |  26.8
        D:9 |    3290 |    1681 |  33.8 |      33 |       3 |   8.3
       D:10 |    1889 |       0 |   0.0 |      13 |       0 |   0.0
     Lair:1 |    2969 |       0 |   0.0 |      12 |       0 |   0.0
     Lair:2 |    3662 |    1426 |  28.0 |      18 |       7 |  28.0
     Lair:3 |    4700 |    2220 |  32.1 |      16 |       5 |  23.8
     Lair:4 |    6807 |    5364 |  44.1 |      29 |      32 |  52.5
    Ossuary |       0 |     585 | 100.0 |       0 |      38 | 100.0
            +---------+---------+-------+---------+---------+-------
